Map: New Gettysburg LE

Players

Amix

  • Race: Terran Terran
  • League: Platinum
  • Spawn Location: 5:00

NooBasick - Winner!

  • Race: Terran Terran
  • League: Gold
  • Spawn Location: 7:00

VOD

Have the link to the VOD?

Description

Time

  • Played on: Nov. 6, 2016, 11:23 a.m.
  • Length: 3:30
Show
View Real Time Build Order
Export as new Build Order

Amix Terran 

Build Orders:  

Get SALT Encoding   

  12  0:01  SCV  
  13  0:13  SCV  
  14  0:21  Supply Depot  
  14  0:25  SCV  
  15  0:36  Refinery  
  15  0:43  SCV  
  15  0:47  Barracks  
  16  0:55  SCV  
  17  0:58  Refinery  
  17  1:07  SCV  
  18  1:19  SCV  
  19  1:30  Supply Depot x2  
  19  1:31  SCV  
  20  1:37  Reaper  
  21  1:51  Barracks  
  21  2:09  Reaper  
  22  2:41  Reaper  
  22  2:43  Reaper  
  22  3:16  Barracks  
Show
View Real Time Build Order
Export as new Build Order

NooBasick Terran - Winner!

Build Orders:  

Get SALT Encoding   

  12  0:03  SCV  
  13  0:16  SCV  
  13  0:20  Supply Depot  
  14  0:28  SCV  
  15  0:41  SCV  
  16  0:45  Barracks  
  16  0:53  SCV  
  16  0:54  Refinery  
  17  1:08  SCV  
  18  1:20  SCV  
  19  1:32  SCV  
  20  1:36  Reaper  
  21  1:41  Command Center  
  21  1:49  Orbital Command  
  21  2:15  Barracks Reactor  
  21  2:17  SCV  
  21  2:21  Barracks  
  22  2:28  Supply Depot  
  22  2:29  SCV  
  23  2:50  SCV  
  24  2:54  Marine  
  25  3:02  SCV  
  25  3:04  Marine, Command Center  
  27  3:10  Bunker  
  27  3:20  Barracks Tech Lab  
Tags
 
Add a new tag
Caveats
  • Supply blocks, unpowered buildings, or Contaminate may cause inaccurate times.
  • Supply counts are checked every 10 seconds.